AoeStats
← Emnesty_x3

Arena

508912822Analyzed
4v4 RM · 9d ago on Sep 24, 2026· 46m 34s· 8 players
Game mode
Random Map
Map size
Large (8 player)
Population
200
Speed
Normal
Resources
Standard
Victory
Conquest
Starting age
Dark Age
Ending age
Imperial Age
RankedLock teamsTeams togetherTeam positionsShared explorationLock speedFull tech treeHidden civsTurbo modeCheats
Victory
Defeat
🇩🇪 Khmer · Germany
1499
+15
🇭🇰 Inca · Hong Kong SAR China
1486
+15
🇨🇿 Mongols · Czechia
1477
+15
🇨🇳 Mongols · China
1435
+17
🇩🇪 Burgundians · Germany
1514
-17
🇹🇼 Gurjaras · Taiwan
1465
-16
🇹🇼 Ethiopians · Taiwan
1442
-15
🇹🇼 Khmer · Taiwan
1437
-14
fall
10:34 Feudal Age
14:28 Castle Age
12:26 Double-Bit Axe
12:22 Horse Collar
16:45 Bow Saw
23:21 Wheelbarrow
22:32 Loom
22:36 Town Watch
23:51 Gold Mining
23:51 Stone Mining
25:41 Hand Cart
25:48 Fletching
29:44 Imperial Age
27:56 Bodkin Arrow
29:38 Scale Barding Armor
31:00 Bracer
31:11 Heavy Plow
31:56 Conscription
32:25 Light Cavalry
33:16 Bloodlines
33:06 Husbandry
33:27 Chain Barding Armor
33:58 Forging
33:40 Hussar
38:30 Elite Skirmisher
39:11 Padded Archer Armor
44:44 Parthian Tactics
44:50 Leather Archer Armor
45:32 Thumb Ring
45:45 Heavy Cavalry Archer
46:40 Thumb Ring
Sun
3:29 Loom
4:58 Loom
9:57 Feudal Age
13:42 Castle Age
11:34 Double-Bit Axe
12:39 Horse Collar
15:06 Loom
25:19 Wheelbarrow
28:17 Squires
30:15 Fletching
33:17 Imperial Age
31:11 Devotion
30:44 Pikeman
31:41 Crossbowman
33:03 Heavy Plow
33:14 Bow Saw
33:42 Thumb Ring
33:38 Bodkin Arrow
34:41 Bracer
35:46 Padded Archer Armor
37:15 Ballistics
39:16 Chemistry
40:04 Conscription
43:04 Halberdier
44:03 Scale Mail Armor
44:13 Forging
45:51 Chain Mail Armor
46:12 Iron Casting
45:48 Arson
46:42 Leather Archer Armor
47:15 Coinage
47:22 Plate Mail Armor
牛比无极限
5:08 Loom
7:40 Feudal Age
8:56 Double-Bit Axe
13:31 Horse Collar
16:48 Wheelbarrow
20:23 Castle Age
22:16 Bow Saw
22:08 Heavy Plow
27:46 Hand Cart
30:03 Ballistics
29:42 Fletching
30:24 Bodkin Arrow
33:11 Imperial Age
30:44 Gold Mining
31:18 Padded Archer Armor
33:00 Leather Archer Armor
33:57 Gold Shaft Mining
33:14 Stone Mining
34:00 Bloodlines
33:50 Husbandry
34:18 Conscription
34:11 Elite Mangudai
35:20 Thumb Ring
35:41 Parthian Tactics
35:16 Town Watch
35:35 Onager
37:22 Chemistry
38:17 Siege Onager
39:06 Siege Engineers
39:23 Drill
39:04 Nomads
39:23 Caravan
40:01 Light Cavalry
41:12 Hussar
42:25 Bracer
42:31 Scale Barding Armor
42:36 Forging
44:43 Chain Barding Armor
44:58 Iron Casting
Emnesty_x3
10:12 Feudal Age
12:54 Castle Age
11:00 Double-Bit Axe
11:07 Horse Collar
13:55 Heavy Plow
14:33 Bow Saw
20:40 Wheelbarrow
21:25 Gold Mining
22:29 Stone Mining
27:16 Imperial Age
25:49 Stone Shaft Mining
25:51 Gold Shaft Mining
26:29 Scale Barding Armor
27:07 Forging
27:51 Bloodlines
27:41 Husbandry
27:40 Loom
28:10 Hand Cart
27:27 Light Cavalry
28:29 Chain Barding Armor
30:25 Iron Casting
31:24 Chemistry
31:22 Elite Ballista Elephant
32:52 Double Crossbow
33:15 Conscription
34:56 Siege Engineers
39:34 Guard Tower
40:56 Plate Barding Armor
41:22 Blast Furnace
40:13 Fletching
40:14 Guard Tower
40:45 Ballistics
41:51 Hussar
Chris Becker
3:37 Double-Bit Axe
8:32 Loom
10:22 Feudal Age
12:25 Fletching
19:38 Castle Age
17:30 Horse Collar
18:37 Bow Saw
19:17 Heavy Plow
19:34 Gold Mining
26:34 Wheelbarrow
26:20 Scale Barding Armor
27:48 Chain Barding Armor
27:50 Town Watch
30:24 Hand Cart
33:14 Forging
36:44 Imperial Age
35:05 Burgundian Vineyards
35:44 Gold Shaft Mining
37:30 Fortified Wall
37:34 Husbandry
37:08 Onager
38:23 Block Printing
38:03 Herbal Medicine
40:04 Sanctity
43:01 Light Cavalry
44:01 Stone Mining
cccccccccc
0:31 Loom
10:09 Feudal Age
14:32 Castle Age
12:35 Horse Collar
12:41 Double-Bit Axe
18:27 Heavy Plow
18:39 Bow Saw
22:28 Wheelbarrow
24:12 Hand Cart
25:16 Gold Mining
29:53 Imperial Age
27:43 Scale Barding Armor
28:51 Bloodlines
28:41 Husbandry
29:05 Chain Barding Armor
28:55 Forging
28:59 Loom
31:30 Plate Barding Armor
31:31 Iron Casting
31:32 Tusk Swords
31:54 Conscription
31:32 Elite Battle Elephant
33:50 Blast Furnace
33:47 Gold Shaft Mining
35:53 Heavy Scorpion
37:05 Double Crossbow
37:33 Fletching
37:44 Padded Archer Armor
37:56 Siege Engineers
38:12 Ballistics
38:52 Chemistry
38:21 Bodkin Arrow
40:00 Bracer
BBBBBBBB
9:14 Feudal Age
10:53 Double-Bit Axe
13:14 Castle Age
12:39 Gold Mining
14:47 Bow Saw
17:17 Redemption
18:39 Sanctity
21:36 Fervor
32:44 Imperial Age
33:48 Siege Elephant
33:58 Siege Elephant
37:06 Theocracy
42:08 Loom
43:07 Horse Collar
誰都打不過
11:02 Feudal Age
14:54 Castle Age
12:44 Double-Bit Axe
13:26 Gold Mining
15:16 Fletching
15:04 Crossbowman
17:44 Bodkin Arrow
20:28 Bow Saw
22:25 Wheelbarrow
29:58 Imperial Age
28:11 Padded Archer Armor
27:56 Loom
28:50 Ballistics
30:31 Leather Archer Armor
30:54 Bracer
32:02 Chemistry
33:18 Thumb Ring
36:47 Ring Archer Armor
36:52 Arbalester
39:55 Hand Cart
39:04 Elite Skirmisher
40:55 Horse Collar
42:11 Loom
42:11 Town Watch
Connection lost

Rejoining the realm…

Still unreachable

The connection could not be restored.

Session expired

The server has moved on; the page needs a fresh start.